 Dungeon Crawl Stone Soup version 0.23-a0-767-gdc19b93d68 (webtiles) character file.

22 KapersCrawl the Gusty (level 2, -2/15 HPs)
             Began as a Tengu Air Elementalist on Jan 21, 2019.
             Slain by an adder (3 damage)
             ... on level 2 of the Dungeon.
             The game lasted 00:03:36 (787 turns).

KapersCrawl the Gusty (Tengu Air Elementalist)       Turns: 787, Time: 00:03:37

Health: -2/15      AC:  2    Str:  8    XL:     2   Next: 91%
Magic:  0/6        EV: 12    Int: 15    God:
Gold:   11         SH:  0    Dex: 14    Spells: 4/5 levels left

rFire    . . .     SeeInvis .   b - +0 short sword
rCold    . . .     Gourm    .   (no shield)
rNeg     . . .     Faith    .   a - +0 robe
rPois    .         Spirit   .   (helmet restricted)
rElec    .         Reflect  .   (no cloak)
rCorr    .         Harm     .   (no gloves)
MR       .....                  (boots unavailable)
Stlth    ++........             (no amulet)
HPRegen  0.05/turn              (no ring)
MPRegen  0.10/turn              (no ring)

@: lethally poisoned (-2 -> -6)
A: beak, talons 3
a: no special abilities


You were on level 2 of the Dungeon.
You were not hungry.

You visited 1 branch of the dungeon, and saw 2 of its levels.

You collected 11 gold pieces.

Inventory:

Hand Weapons
 b - a +0 short sword (weapon)
Armour
 a - a +0 robe (worn)
Comestibles
 c - a ration
 d - 4 chunks of flesh


   Skills:
 - Level 2.1 Dodging
 - Level 2.0 Stealth
 - Level 2.0 Spellcasting
 * Level 2.2 Conjurations
 + Level 5.0 Air Magic


You had 4 spell levels left.
You knew the following spells:

 Your Spells              Type           Power        Failure   Level  Hunger
a - Shock                 Conj/Air       ##..         4%          1    #......

Your spell library contained the following spells:

 Spells                   Type           Power        Failure   Level  Hunger
 Swiftness                Chrm/Air       #.......     12%         2    ###....
 Static Discharge         Conj/Air       ##......     16%         3    ###....
 Airstrike                Air            ###.......   28%         4    #####..
 Lightning Bolt           Conj/Air       ##........   80%         5    ######.


Dungeon Overview and Level Annotations

Branches:
Dungeon (2/15)

Altars:


Innate Abilities, Weirdness & Mutations

You have a beak for a mouth.
You have claws for feet.


Message History

You aren't carrying any potions.
You feel sick.
You feel sick. The adder bites you.
* * * LOW HITPOINT WARNING * * *
Casting: Shock (safe; 5% risk of failure)
Confirm with . or Enter, or press ? or * to list all spells.
Aiming: Shock (safe; 5% risk of failure)
Press: ? - help, Shift-Dir - straight line, f - adder, p - adder
Aim: an adder (heavily wounded)
The zap hits the adder.
The adder is severely wounded.
The zap hits the adder.
The adder is heavily wounded.
The zap hits the adder.
You kill the adder!
Your Air Magic skill increases to level 5!
* * * LOW HITPOINT WARNING * * *
You feel sick. The adder bites you.
You die...

.# . .#.# .#†
.. .# . #######
###.# .######
#.....# #..!#
......#
#.###.#####.###
......#####.#
#.@S.##.#
.....)##....#
####.##.#
......##.####
#.##.#
......)..#
#.##S##.#
#.....####
#.......#
.....##
#......##
####.###
####...#
..[....# #...#
.##..†.# #...#


You could see an adder.

Vanquished Creatures
  An adder (D:2)
  2 giant cockroaches
  A goblin (D:1)
  A hobgoblin (D:2)
  3 jackals (D:1)
  2 kobolds
  A frilled lizard (D:1)
  A rat (D:1)
12 creatures vanquished.

Notes
Turn   | Place    | Note
-------+----------+-------------------------------------------
     0 | D:1      | KapersCrawl the Tengu Air Elementalist began the quest for
                  | the Orb.
     0 | D:1      | Reached XP level 1. HP: 10/10 MP: 4/4
   438 | D:1      | Reached XP level 2. HP: 15/15 MP: 0/6
   787 | D:2      | Reached skill level 5 in Air Magic
   787 | D:2      | Slain by an adder

Vault maps used:
D:1:      evilmike_arrival_crescent
D:2:      fedhas_altar_4

Skill      XL: |  1  2 |
---------------+-------+-----
Conjurations   | 2 |  2.2
Air Magic      | 5 |  5.0
Dodging        | |  2.1
Stealth        | |  2.0
Spellcasting   | |  2.0

Action                   || total
-------------------------++-------
Melee: Unarmed           ||     1
 Cast: Shock             ||    28
Armor: Robe              ||     1
Dodge: Dodged            ||     5

Table legend:
 A = Non-vault XP
 B = Vault XP
 C = Vault XP percentage of total XP
 D = Non-vault monster count
 E = Vault monster count
 F = Vault count percentage of total count
                 A         B        C        D         E       F
            +---------+---------+-------+---------+---------+-------
      Total |      32 |       0 |   0.0 |      12 |       0 |   0.0
            +---------+---------+-------+---------+---------+-------
        D:1 |      14 |       0 |   0.0 |       8 |       0 |   0.0
        D:2 |      18 |       0 |   0.0 |       4 |       0 |   0.0
            +---------+---------+-------+---------+---------+-------
